 Dungeon Crawl Stone Soup version 0.23-a0-180-ga5275e7 (webtiles) character file.

427 Merlin the Cudgeler (level 6, 0/39 HPs)
             Began as a Gargoyle Monk on Sept 18, 2018.
             Was a Believer of Ashenzari.
             Slain by an adder (2 damage)
             ... on level 4 of the Dungeon.
             The game lasted 00:17:56 (5075 turns).

Merlin the Cudgeler (Gargoyle Monk)                 Turns: 5075, Time: 00:17:57

Health: 0/39       AC: 16    Str: 16    XL:     6   Next: 97%
Magic:  6/6        EV:  5    Int: 11    God:    Ashenzari [**....]
Gold:   176        SH:  0    Dex: 12    Spells: 5/5 levels left

rFire    . . .     SeeInvis +   a - +0 mace
rCold    . . .     Gourm    .   (no shield)
rNeg     + . .     Faith    .   g - +1 plate armour
rPois    ∞         Spirit   .   (no helmet)
rElec    +         Reflect  .   (no cloak)
rCorr    .         Harm     .   (no gloves)
MR       .....                  (no boots)
Stlth    ..........             (no amulet)
HPRegen  0.13/turn              d - ring of see invisible
MPRegen  0.10/turn              (no ring)

@: no status effects
A: negative energy resistance 1, electricity resistance, unbreathing,
petrification resistance, rot immunity, AC +4
a: Curse Item, Scrying, Renounce Religion


You were on level 4 of the Dungeon.
You worshipped Ashenzari.
Ashenzari was pleased with you.
You were not hungry.

You visited 1 branch of the dungeon, and saw 4 of its levels.

You collected 176 gold pieces.

Inventory:

Hand Weapons
 a - a +0 mace (weapon)
 q - a -3 flail
Armour
 b - a +0 robe
 e - a +0 chain mail
 g - a +1 plate armour (worn)
Jewellery
 d - a ring of see invisible (left hand)
Wands
 o - a wand of digging (15)
 t - a wand of random effects (25)
Scrolls
 f - 2 scrolls of remove curse
 h - a scroll of enchant armour
 i - a scroll of immolation {unknown}
 j - a scroll of identify
 m - a scroll of magic mapping {unknown}
 s - a scroll of teleportation {unknown}
Potions
 k - a potion of heal wounds
 l - a potion of agility {unknown}
 n - a potion of lignification {unknown}
 p - 2 potions of haste
 r - a potion of brilliance {unknown}
 u - a potion of ambrosia {unknown}
Comestibles
 c - 10 rations
 v - a chunk of flesh


   Skills:
 + Level 4.6 Fighting
 * Level 5.0 Maces & Flails
 + Level 2.6 Armour
 + Level 3.3 Dodging
 + Level 3.8 Stealth


You had 5 spell levels left.
You didn't know any spells.
Your spell library was empty.

Dungeon Overview and Level Annotations

Branches:
Dungeon (4/15)
 Temple: D:4-7

Altars:
Ashenzari
The Shining One

Annotations:
D:4 Sigmund


Innate Abilities, Weirdness & Mutations

You are resistant to torment.
Your stone body is resilient. (AC +4)
You are immune to poison.
You resist negative energy. (rN+)
You are resistant to electric shocks. (rElec)
You can survive without breathing.
You are immune to petrification.
You are immune to rotting.


Message History

The gnoll is severely wounded.
The gnoll hits you but does no damage. The gnoll barely misses you.
You hit the gnoll.
You kill the gnoll!
Your Maces & Flails skill increases to level 5!
The gnoll hits you but does no damage. The adder bites you but does no damage.
You closely miss the adder.
The gnoll hits you from afar with a halberd.
The adder bites you but does no damage.
Your plate armour prevents you from hitting the adder.
The adder barely misses you.
The gnoll hits you from afar with a halberd!
* * * LOW HITPOINT WARNING * * *
The adder bites you but does no damage.
Your plate armour prevents you from hitting the adder.
The adder bites you but does no damage.
The gnoll hits you from afar with a halberd!
* * * LOW HITPOINT WARNING * * *
The adder bites you.
You die...

..#.#...<..#
#.###..###### ,
.##.#......# #.
#....?# * *
>##.##..#### #.
#)###.....
..#.##.## * *
..*#.# {g.....
.......# * . ##.#
,.....
.##........# *
#..# , .....,
.########### #g##
, .... .#
###########S#
.... , , .#
#......##.@.# ,
.###
#...<..##.### , ,
...# #.........#
, , ,
...####.......###
* ,, ,
.............## *
...####......#
...# #......#
#### #......#
#......#


You could see a gnoll and an adder.

Vanquished Creatures
  A howler monkey (D:4)
  3 orc priests (D:3)
  A centaur skeleton (D:4)
  Natasha (D:4)
  A worker ant (D:3)
  5 adders
  6 gnolls
  2 oozes
  3 worms
  4 dart slugs
  5 leopard geckos
  9 orcs (D:3)
  3 giant cockroaches
  7 goblins
  7 hobgoblins
  3 jackals (D:2)
  A quokka (D:4)
  2 ball pythons
  10 bats
  12 frilled lizards
  10 kobolds
  2 rats
98 creatures vanquished.

Notes
Turn   | Place    | Note
-------+----------+-------------------------------------------
     0 | D:1      | Merlin the Gargoyle Monk began the quest for the Orb.
     0 | D:1      | Reached XP level 1. HP: 14/14 MP: 1/1
   243 | D:1      | Reached XP level 2. HP: 13/19 MP: 2/2
  1305 | D:2      | Reached XP level 3. HP: 21/24 MP: 3/3
  1482 | D:2      | Reached XP level 4. HP: 26/29 MP: 4/4
  1561 | D:2      | Reached skill level 1 in Armour
  1972 | D:2      | Found a shattered altar of Ashenzari.
  1984 | D:2      | Became a worshipper of Ashenzari the Shackled
  1984 | D:2      | Reached * piety under Ashenzari
  1984 | D:2      | Reached ** piety under Ashenzari
  2467 | D:3      | Found a glowing golden altar of the Shining One.
  2563 | D:2      | Reached skill level 4 in Maces & Flails
  2563 | D:2      | Reached XP level 5. HP: 16/33 MP: 5/5
  3678 | D:3      | Reached XP level 6. HP: 9/39 MP: 6/6
  4626 | D:4      | Noticed Sigmund
  4739 | D:4      | Noticed a phantom
  4782 | D:4      | Noticed Natasha
  4800 | D:4      | Killed Natasha
  5071 | D:4      | Reached skill level 5 in Maces & Flails
  5075 | D:4      | Slain by an adder

Vault maps used:
D:1:      noname_arrival_rooms_in_the_neighbourhood
D:2:      evilmike_ruin_ashenzari, minivault_14, minmay_pentomino_r2
D:3:      tso_metal_star
D:4:      uniq_sigmund, uniq_natasha

Skill      XL: |  1  2  3  4  5  6 |
---------------+-------------------+-----
Armour         | 1 2 |  2.6
Fighting       | 4 |  4.6
Maces & Flails | 4 5 |  5.0
Stealth        | 3 |  3.8
Dodging        | 3 |  3.3

Action                   |  1- 3 |  4- 6 || total
-------------------------+-------+-------++-------
Melee: Mace              |   106 |   249 ||   355
       Flail             |       |   207 ||   207
  Use: Scroll            |       |     3 ||     3
       Potion            |       |     1 ||     1
  Eat: Chunk             |     2 |     7 ||     9
       Ration            |       |     2 ||     2
Armor: Chain mail        |   122 |   304 ||   426
       Robe              |     1 |       ||     1
       Plate armour      |       |    35 ||    35
Dodge: Dodged            |    59 |   165 ||   224

Table legend:
 A = Non-vault XP
 B = Vault XP
 C = Vault XP percentage of total XP
 D = Non-vault monster count
 E = Vault monster count
 F = Vault count percentage of total count
                 A         B        C        D         E       F
            +---------+---------+-------+---------+---------+-------
      Total |     565 |      45 |   7.4 |      95 |       3 |   3.1
            +---------+---------+-------+---------+---------+-------
        D:1 |      30 |       0 |   0.0 |      16 |       0 |   0.0
        D:2 |     131 |       8 |   5.8 |      31 |       2 |   6.1
        D:3 |     262 |       0 |   0.0 |      41 |       0 |   0.0
        D:4 |     142 |      37 |  20.7 |       7 |       1 |  12.5
            +---------+---------+-------+---------+---------+-------
